 Dungeon Crawl Stone Soup version 0.31-a0-441-g867994ef1c (webtiles) character file.

Game seed: 751363495554944341

348 redmage the Digger (level 7, -1/50 HPs)
             Began as a Meteoran Earth Elementalist on Aug 2, 2023.
             Slain by a scorpion (5 damage)
             ... on level 5 of the Dungeon.
             The game lasted 00:13:42 (781 turns).

redmage the Digger (Meteoran Earth Elementalist)     Turns: 781, Time: 00:13:43

Health: -1/50      AC:  3    Str: 10    XL:     7   Next: 15%
Magic:  0/12       EV: 12    Int: 18    God:
Gold:   113        SH:  5    Dex: 15    Spells: 1/12 levels left

rFire   . . .        (no weapon)
rCold   . . .        (no shield)
rNeg    . . .        a - +0 robe
rPois   .            (no helmet)
rElec   .            (no cloak)
rCorr   .            (no gloves)
SInv    .            g - +0 pair of boots
Will    .....        e - amulet of reflection
Stlth   +            (no ring)
HPRegen 0.28/turn    (no ring)
MPRegen 0.13/turn

%: reflection
@: lethally poisoned (-1 -> -14), glowing
A: sense surroundings 1, otherworldly, glowing, explore regen
a: no special abilities


You were on level 5 of the Dungeon.
You visited 1 branch of the dungeon, and saw 5 of its levels.

You collected 113 gold pieces.

Inventory:

Missiles
 f - 6 boomerangs (quivered)
Armour
 a - a +0 robe (worn)
 g - a +0 pair of boots (worn)
Jewellery
 e - an amulet of reflection (around neck)
Scrolls
 d - a scroll of teleportation
Potions
 b - a potion of magic


   Skills:
 - Level 2.4 Dodging
 - Level 1.4 Stealth
 - Level 3.2 Spellcasting
 + Level 4.3 Conjurations
 * Level 1.1 Necromancy
 - Level 2.1 Transmutations
 * Level 6.6 Earth Magic


You had one spell level left.
You knew the following spells:

 Your Spells              Type           Power      Damage    Failure   Level
a - Sandblast             Erth           52%        2d12      1%          1
b - Passwall              Tmut/Erth      15%        N/A       4%          2
c - Stone Arrow           Conj/Erth      44%        3d9       4%          3
d - Borgnjor's Vile Clut  Necr/Erth      8%         N/A       67%         5

Your spell library contained the following spells:

 Spells                   Type           Power      Damage    Failure   Level
 Petrify                  Tmut/Erth      18%        N/A       26%         4
 Animate Armour           Summ/Erth      28%        N/A       38%         4
 Inner Flame              Hex/Fire       2%         N/A       43%         3
 Ozocubu's Armour         Ice            2%         N/A       43%         3
 Flame Wave               Conj/Fire      10%        2d6       54%         4
 Sticky Flame             Conj/Fire      10%        2d3       54%         4
 Alistair's Intoxication  Tmut/Pois      4%         N/A       96%         5
 Metabolic Englaciation   Hex/Ice        1%         N/A       99%         5
 Eringya's Noxious Bog    Tmut/Pois      3%         4d6       100%        6
 Simulacrum               Ice/Necr       2%         N/A       100%        6
 Haunt                    Necr/Summ      2%         N/A       100%        7
 Borgnjor's Revivificati  Necr           3%         N/A       100%        8
 Lehudib's Crystal Spear  Conj/Erth      11%        10d4      100%        8
 Death's Door             Necr           3%         N/A       100%        9


Dungeon Overview and Level Annotations

Branches:
Dungeon (5/15) Zot: 2177
 Temple: D:4-7

Altars:
Gozag

Shops:
D:1 ?[[


Innate Abilities, Weirdness & Mutations

You passively map a small area around you.
You are easily found by Zot.
You glow in the dark.
You regain HP and MP as you explore.


Message History

Aim: a scorpion (lightly wounded, 83% to hit)
The blast of sand hits the scorpion.
The scorpion is heavily wounded.
The scorpion stings you but does no damage.
The scorpion stings you.
Unknown command.
Casting: Sandblast (safe; 1% risk of failure)
Confirm with . or Enter, or press ? or * to list all spells.
Aiming: Sandblast (safe; 1% risk of failure)
Press: ? - help, Shift-Dir - straight line, f/p - scorpion
Aim: a scorpion (moderately wounded, 83% to hit)
The blast of sand misses the scorpion.
The scorpion stings you.
* * * LOW HITPOINT WARNING * * *
You are poisoned.
The scorpion poisons you! The scorpion stings you.
* * * LOW HITPOINT WARNING * * *
You are lethally poisoned!
The scorpion poisons you!
Unknown command.
Unknown command.
Unknown command.
Unknown command.
Unknown command.
Unknown command.
Unknown command.
Okay, then.
Casting: Sandblast (safe; 1% risk of failure)
Confirm with . or Enter, or press ? or * to list all spells.
Aiming: Sandblast (safe; 1% risk of failure)
Press: ? - help, Shift-Dir - straight line, f/p - scorpion
Aim: a scorpion (moderately wounded, 83% to hit)
The blast of sand hits the scorpion!
The scorpion is severely wounded.
The howler monkey howls!
* * * LOW HITPOINT WARNING * * *
You feel extremely sick.
The scorpion stings you but does no damage.
The howler monkey hoots and howls with incredible vigour!
The scorpion stings you.
You die...

, #.# ..#
**, * #†# ,
, #.#######.
, #.........
,
#.#######.*
* * #.....#
,
#######.##.#
* *
,.......#.#
#######@##
*, #s# * #..
#... #.... ,
#h.... ,
#......
........ ,


You could see a scorpion and a howler monkey (catching breath).

Vanquished Creatures
  A phantom (D:3)
  A hound (D:5)
  A jelly (D:4)
  4 orc wizards (D:4)
  8 adders
  An ufetubus (D:5)
  A worm (D:2)
  7 orcs
  4 bats
  3 endoplasms
  2 goblins
  5 hobgoblins
  2 kobolds
  2 quokkas (D:3)
  A rat (D:2)
43 creatures vanquished.

Notes
Turn   | Place    | Note
-------+----------+-------------------------------------------
     0 | D:1      | redmage the Meteoran Earth Elementalist began the quest for
                  | the Orb.
     0 | D:1      | Reached XP level 1. HP: 14/14 MP: 5/5
    40 | D:1      | Found Tetigin's Antique Armour Boutique.
   110 | D:2      | Found a faded altar of an unknown god.
   112 | D:2      | Reached XP level 2. HP: 20/20 MP: 4/6
   132 | D:1      | Found Qoups's Magic Scroll Emporium.
   132 | D:1      | Found Sustumor's Armour Boutique.
   141 | D:1      | Reached skill level 4 in Earth Magic
   191 | D:2      | Reached XP level 3. HP: 26/26 MP: 0/8
   194 | D:2      | Learned a level 2 spell: Passwall
   198 | D:2      | Learned a level 3 spell: Stone Arrow
   381 | D:3      | Noticed a phantom
   387 | D:3      | Killed a phantom
   388 | D:3      | Reached skill level 5 in Earth Magic
   388 | D:3      | Reached XP level 4. HP: 19/33 MP: 5/9
   388 | D:3      | Reached XP level 5. HP: 22/38 MP: 5/10
   408 | D:4      | Noticed a black bear
   495 | D:4      | Reached XP level 6. HP: 45/45 MP: 9/11
   555 | D:4      | Reached skill level 6 in Earth Magic
   608 | D:4      | Learned a level 5 spell: Borgnjor's Vile Clutch
   695 | D:4      | Found an opulent altar of Gozag.
   739 | D:5      | Entered Level 5 of the Dungeon
   755 | D:5      | Reached XP level 7. HP: 50/50 MP: 10/12
   775 | D:5      | Reached skill level 1 in Necromancy
   781 | D:5      | Slain by a scorpion

Illustrated notes

Levels and vault maps discovered:
D:1:      dpeg_arrival_windows_large_door, layout_loops_ring, serial_shops,
          nicolae_shop_tiny_glass, shop, shop, shop, kennysheep_nondescript
D:2:      layout_loops_corners, nicolae_ecumenical_pavilion, serial_shops,
          nicolae_shop_industrial_runoff
D:3:      layout_basic, mainiacjoe_overflow_alcove_2
D:4:      layout_basic, dancing_weapons_uskayaw, grunt_gozag_breadcrumbs,
          minmay_door_square, grunt_ministairs_7,
          minmay_a_box_with_orc_wizards_in_it, uniq_robin
D:5:      layout_loops_ring, kennysheep_mini_moat, uniq_ijyb

Skill      XL: |  1  2  3  4  5  6  7 |
---------------+----------------------+-----
Earth Magic    | 4 5 6 |  6.6
Spellcasting   | 3 |  3.2
Transmutations | 2 |  2.1
Conjurations   | 2 3 4 |  4.3
Necromancy     | 1 |  1.1
Dodging        | |  2.4
Stealth        | |  1.4

Action                     |  1- 3 |  4- 6 |  7- 9 || total
---------------------------+-------+-------+-------++-------
  Throw: Boomerang         |       |       |     1 ||     1
   Cast: Sandblast         |    26 |    42 |    13 ||    81
         Passwall          |       |     6 |       ||     6
         Stone Arrow       |       |       |     1 ||     1
    Use: Scroll            |       |     1 |       ||     1
 Armour: Robe              |     6 |     3 |     4 ||    13
  Dodge: Dodged            |    10 |     3 |     2 ||    15
  Block: Other             |       |     3 |     3 ||     6
         Reflection        |       |     1 |       ||     1

Table legend: (Time is in decaauts)
 A = Elapsed time spent in this place.
 B = Non-inter-level travel time spent in this place.
 C = Inter-level travel time spent in this place.
 D = Time resting spent in this place.
 E = Time spent auto-exploring this place.
 F = Levels seen in this place.
 G = Mean time per level.
                   A        B        C        D        E       F      G
               +--------+--------+--------+--------+--------+-----+--------+
         Total |    821 |    770 |     51 |      0 |      0 |   5 |  164.2 |
       Dungeon |    821 |    770 |     51 |      0 |      0 |   5 |  164.2 |
               +--------+--------+--------+--------+--------+-----+--------+

Top non-repeatable levels by time:
     D:4: 270 daAuts
     D:3: 220 daAuts
     D:1: 154 daAuts
     D:2: 127 daAuts
     D:5: 48 daAuts
